 Dungeon Crawl Stone Soup version 0.24-a0-459-g225fefd530 (webtiles) character file.

Game seed: 17276729963674772943

99 Murumi the Shield-Bearer (level 5, -9/42 HPs)
             Began as a Formicid Fighter on June 30, 2019.
             Mangled by Crazy Yiuf
             ... wielding a +4 quarterstaff of chaos
              (21 damage)
             ... on level 2 of the Dungeon.
             The game lasted 00:06:17 (1580 turns).

Murumi the Shield-Bearer (Formicid Fighter)         Turns: 1580, Time: 00:06:19

Health: -9/42      AC:  6    Str: 21    XL:     5   Next: 2%
Magic:  5/5        EV:  8    Int:  8    God:
Gold:   40         SH: 10    Dex: 10    Spells: 4/4 levels left

rFire    . . .     SeeInvis +   a - +0 long sword
rCold    . . .     Gourm    .   c - +1 shield
rNeg     . . .     Faith    .   b - +0 scale mail
rPois    .         Spirit   .   (helmet unavailable)
rElec    .         Reflect  .   (no cloak)
rCorr    .         Harm     .   (no gloves)
MR       +....                  (no boots)
Stlth    ..........             (no amulet)
HPRegen  0.14/turn              l - ring of flight (curse)
MPRegen  0.09/turn              m - ring of protection from magic

@: no status effects
A: permanent stasis, dig shafts and tunnels, four strong arms, antennae 3
a: Dig, Shaft Self, Evoke Flight


You were on level 2 of the Dungeon.
You were hungry.

You visited 1 branch of the dungeon, and saw 2 of its levels.

You collected 40 gold pieces.

Inventory:

Hand Weapons
 a - a +0 long sword (weapon)
Missiles
 i - 30 bolts
 k - 61 stones
 o - 2 boomerangs (quivered)
Armour
 b - a +0 scale mail (worn)
 c - a +1 shield (worn)
Jewellery
 l - a cursed ring of flight (left hand)
 m - a ring of protection from magic (right hand)
Wands
 n - a wand of flame (16)
Scrolls
 e - a scroll of remove curse
Potions
 d - a potion of might
 g - a potion of brilliance {unknown}
 h - a potion of curing {unknown}
 j - a potion of lignification {unknown}
Comestibles
 f - 4 rations


   Skills:
 - Level 4.0 Fighting
 - Level 3.4 Long Blades
 + Level 3.2 Armour
 - Level 1.0 Dodging
 - Level 4.0 Shields
 - Level 1.0 Evocations


You had 4 spell levels left.
You didn't know any spells.
Your spell library was empty.

Dungeon Overview and Level Annotations

Branches:
Dungeon (2/15)

Altars:

Annotations:
D:2 Crazy Yiuf


Innate Abilities, Weirdness & Mutations

You cannot be hasted, slowed, berserked, paralysed or teleported.
You can dig through walls and to a lower floor.
Your four strong arms can wield two-handed weapons with a shield.
You have a pair of large antennae on your head. (SInv)


Message History

Crazy Yiuf grits, "Whiteboard!"
Crazy Yiuf hits you with a +4 quarterstaff of chaos.
You completely miss Crazy Yiuf. Crazy Yiuf barely misses you.
You riposte.
You hit Crazy Yiuf but do no damage.
Crazy Yiuf grits, "Key meccalolo sizzlefizz!"
Crazy Yiuf hits you with a +4 quarterstaff of chaos.
You barely miss Crazy Yiuf. Crazy Yiuf closely misses you.
You riposte.
You hit Crazy Yiuf.
Crazy Yiuf is lightly wounded.
You hit Crazy Yiuf but do no damage.
Crazy Yiuf is lightly wounded.
Crazy Yiuf hits you with a +4 quarterstaff of chaos!
Crazy Yiuf freezes you.
You hit Crazy Yiuf.
Crazy Yiuf is moderately wounded.
Crazy Yiuf hits you with a +4 quarterstaff of chaos!
* * * LOW HITPOINT WARNING * * *
Space warps horribly around you!!
Ouch! That really hurt!
You die...

.....#
####.#############.#
#.##....†<.....#
####.##.###########
..##.#.<# .≈≈≈≈
#.##....# ≈≈≈≈
........##♣♣ ### #≈≈≈
#.......#.P♣♣ ♣♣#..)#
#≈≈≈
###..#.....P♣♣♣♣@g...#
#≈≈≈
.##..##......♣..♣#...#
#####≈≈
###..##.#.P.♣.♣♣♣ ###
##..88≈≈
........##♣♣♣♣♣
#....... ##.....#
#....... #..####
#########...88≈≈
###..#####.
#.#.......#####≈
...........
#.....###.# #≈
###..##### ###.#.# #.#
##


You could see Crazy Yiuf.

Vanquished Creatures
  Jessica (D:2)
  2 adders (D:2)
  An ooze (D:2)
  2 dart slugs (D:1)
  A leopard gecko (D:1)
  5 giant cockroaches
  7 hobgoblins
  7 kobolds
  3 quokkas (D:2)
  9 bats
  3 frilled lizards
  2 goblins
43 creatures vanquished.

Notes
Turn   | Place    | Note
-------+----------+-------------------------------------------
     0 | D:1      | Murumi the Formicid Fighter began the quest for the Orb.
     0 | D:1      | Reached XP level 1. HP: 18/18 MP: 1/1
   127 | D:1      | Reached skill level 1 in Dodging
   292 | D:1      | Reached XP level 2. HP: 24/24 MP: 2/2
   630 | D:1      | Reached skill level 1 in Evocations
   701 | D:1      | Reached XP level 3. HP: 28/29 MP: 3/3
  1086 | D:2      | Noticed Jessica
  1092 | D:2      | Killed Jessica
  1092 | D:2      | Reached XP level 4. HP: 32/35 MP: 4/4
  1539 | D:2      | Reached XP level 5. HP: 41/42 MP: 5/5
  1571 | D:2      | Found a runed translucent door.
  1572 | D:2      | Noticed Crazy Yiuf
  1580 | D:2      | Mangled by Crazy Yiuf

Levels and vault maps discovered:
D:1:      sevenhm_arrival_forest_fort_small_5, layout_loops_corners,
          kennysheep_crisscross
D:2:      wander_river, layout_loops_ring, first_ration,
          uniq_crazy_yiuf_cottage, uniq_jessica

Skill      XL: |  1  2  3  4 |
---------------+-------------+-----
Dodging        | 1 |  1.0
Shields        | 4 |  4.0
Evocations     | 1 |  1.0
Long Blades    | 3 |  3.4
Fighting       | 4 |  4.0
Armour         | |  3.2

Action                   |  1- 3 |  4- 6 || total
-------------------------+-------+-------++-------
Melee: Long sword        |    80 |    71 ||   151
Throw: Stone             |     6 |    38 ||    44
       Boomerang         |       |     3 ||     3
  Use: Scroll            |     5 |     2 ||     7
  Eat: Chunk             |     1 |     1 ||     2
Armor: Scale mail        |    31 |    16 ||    47
Dodge: Dodged            |    23 |    16 ||    39
Block: Shield            |    48 |    43 ||    91
       Rpst.: Long sword |     5 |     5 ||    10

Table legend:
 A = Non-vault XP
 B = Vault XP
 C = Vault XP percentage of total XP
 D = Non-vault monster count
 E = Vault monster count
 F = Vault count percentage of total count
                 A         B        C        D         E       F
            +---------+---------+-------+---------+---------+-------
      Total |     105 |      37 |  26.1 |      42 |       1 |   2.3
            +---------+---------+-------+---------+---------+-------
        D:1 |      34 |       0 |   0.0 |      17 |       0 |   0.0
        D:2 |      71 |      37 |  34.3 |      25 |       1 |   3.8
            +---------+---------+-------+---------+---------+-------
